 Dungeon Crawl Stone Soup version 0.29-a0-1047-g7c58e119a4 (webtiles) character file.

Game seed: 7141209421577160946

187 Zeldest the Grasshopper (level 6, -1/51 HPs)
             Began as a Meteoran Warper on Aug 16, 2022.
             Slain by an orc
             ... wielding a +0 club
              (5 damage)
             ... on level 4 of the Dungeon.
             The game lasted 00:07:18 (1324 turns).

Zeldest the Grasshopper (Meteoran Warper)           Turns: 1324, Time: 00:07:18

Health: -1/51      AC:  4    Str: 14    XL:     6   Next: 20%
Magic:  11/11      EV: 12    Int: 16    God:
Gold:   130        SH:  0    Dex: 13    Spells: 8/10 levels left

rFire   . . .      SeeInvis .   a - +0 hand axe
rCold   . . .      Faith    .   (no shield)
rNeg    . . .      Spirit   .   b - +0 leather armour
rPois   .          Reflect  .   l - +0 helmet
rElec   .          Harm     .   (no cloak)
rCorr   .          Rampage  .   (no gloves)
Will    .....                   (no boots)
Stlth   +.........              (no amulet)
HPRegen 0.17/turn               (no ring)
MPRegen 0.12/turn               (no ring)

@: glowing
A: sense surroundings 1, otherworldly, glowing, explore regen
a: no special abilities


You were on level 4 of the Dungeon.
You visited 1 branch of the dungeon, and saw 4 of its levels.

You collected 130 gold pieces.

Inventory:

Hand Weapons
 a - a +0 hand axe (weapon)
Armour
 b - a +0 leather armour (worn)
 l - a +0 helmet (worn)
Magical Staves
 j - a staff of cold
Jewellery
 q - a ring of fire
Wands
 o - a wand of iceblast (13)
Scrolls
 c - 4 scrolls of blinking
 e - a scroll of noise {unknown}
 f - a scroll of teleportation {unknown}
 g - a scroll of immolation
 h - 4 scrolls of identify {unknown}
 k - 4 scrolls of enchant armour {unknown}
 m - a scroll of amnesia {unknown}
 n - a scroll of fear {unknown}
 p - a scroll of magic mapping {unknown}
Potions
 d - 2 potions of attraction {unknown}
 r - a potion of magic {unknown}


   Skills:
 + Level 3.6 Fighting
 + Level 3.9 Axes
 - Level 1.2 Throwing
 - Level 2.0 Armour
 + Level 3.6 Dodging
 - Level 2.6 Spellcasting
 + Level 4.8 Translocations


You had 8 spell levels left.
You knew the following spells:

 Your Spells              Type           Power      Damage    Failure   Level
a - Blink                 Tloc           34%        N/A       4%          2

Your spell library contained the following spells:

 Spells                   Type           Power      Damage    Failure   Level
 Gell's Gravitas          Tloc           17%        N/A       10%         3
 Lesser Beckoning         Tloc           17%        N/A       10%         3
 Teleport Other           Tloc           17%        N/A       10%         3
 Slow                     Hex            8%         N/A       24%         1
 Confusing Touch          Hex            2%         N/A       56%         3
 Vampiric Draining        Necr           2%         2d6       56%         3
 Manifold Assault         Tloc           17%        N/A       65%         5


Dungeon Overview and Level Annotations

Branches:
Dungeon (4/15) Zot: 1042
 Temple: D:4-7

Altars:


Innate Abilities, Weirdness & Mutations

You passively map a small area around you.
You are easily found by Zot.
You glow in the dark.
You regain HP and MP as you explore.


Message History

The orc priest closely misses you.
You hit the orc priest but do no damage.
The orc priest is severely wounded.
You barely miss the orc. The orc hits you but does no damage.
The orc priest hits you with a +0 short sword.
You closely miss the orc priest.
The orc priest is severely wounded.
You barely miss the orc. The orc hits you with a +0 club.
The orc priest hits you but does no damage.
You completely miss the orc priest.
The orc priest is severely wounded.
You hit the orc but do no damage. The orc hits you with a +0 club.
The orc priest casts a cantrip, but nothing happens.
You hit the orc priest.
The orc priest is almost dead.
You hit the orc but do no damage. The orc hits you but does no damage.
The orc priest looks encouraged for a moment.
You barely miss the orc priest.
The orc priest is almost dead.
You hit the orc.
The orc priest hits you with a +0 short sword.
The orc hits you with a +0 club.
You hit the orc priest but do no damage.
The orc priest is almost dead.
You hit the orc but do no damage.
The orc priest invokes the aid of Beogh against you.
Beogh smites you! The orc hits you with a +0 club.
You barely miss the orc priest.
The orc priest is almost dead.
You barely miss the orc. The orc priest closely misses you.
The orc hits you with a +0 club.
* * * LOW HITPOINT WARNING * * *
You hit the orc priest but do no damage.
The orc priest is almost dead.
You hit the orc but do no damage.
The orc priest invokes the aid of Beogh against you.
Beogh smites you!
* * * LOW HITPOINT WARNING * * *
The orc hits you with a +0 club.
You die...

* , , , .########### , *
.#<........# * *, *
.#########.# *
*,#####.##### * #.# *
,#.#.#........ * #.# *
#.#.#........, #.# ,
,#.#.#........ #.#
**###,#.#.#o@........ #.# *
,.#.#.#.#o#############.#
*.##
#....#.#.#.#.............#
..
#..#.#.#.#.#.#############*
S,,.....................>
,, ,,, #.*
.#..........########.* .o
.o..###.#.##########
..#.##.S......#........
.......####.###......#


You could see an orc priest and an orc.

Vanquished Creatures
  A gnoll bouda (D:4)
  5 adders
  4 gnolls (D:4)
  A worm (D:2)
  An orc (D:4)
  4 ball pythons
  6 bats
  11 endoplasms
  4 giant cockroaches
  5 goblins
  3 hobgoblins
  7 jackals
  6 kobolds
  A quokka (D:1)
  5 frilled lizards
  5 rats
69 creatures vanquished.

Notes
Turn   | Place    | Note
-------+----------+-------------------------------------------
     0 | D:1      | Zeldest the Meteoran Warper began the quest for the Orb.
     0 | D:1      | Reached XP level 1. HP: 17/17 MP: 5/5
    13 | D:1      | Found a faded altar of an unknown god.
    95 | D:1      | Reached XP level 2. HP: 25/25 MP: 6/6
   151 | D:1      | Reached XP level 3. HP: 16/30 MP: 8/8
   159 | D:1      | Reached skill level 4 in Translocations
   220 | D:2      | You fall into a shaft and drop 1 floor!
   242 | D:3      | Learned a level 2 spell: Blink
   416 | D:1      | Reached XP level 4. HP: 37/37 MP: 9/9
   965 | D:3      | Reached XP level 5. HP: 38/45 MP: 10/10
  1177 | D:4      | Reached XP level 6. HP: 38/51 MP: 11/11
  1324 | D:4      | Slain by an orc

Illustrated notes

Levels and vault maps discovered:
D:1:      dpeg_arrival_rooms_b, layout_loops_cross,
          hellmonk_ecumenical_altar_blasted
D:2:      layout_loops_ring
D:3:      layout_basic, minmay_hedge_maze, minmay_pentangle
D:4:      layout_basic

Skill      XL: |  1  2  3  4 |
---------------+-------------+-----
Armour         | 2 |  2.0
Translocations | 4 |  4.8
Axes           | 3 |  3.9
Fighting       | 3 |  3.6
Dodging        | 3 |  3.6
Throwing       | |  1.2
Spellcasting   | |  2.6

Action                   |  1- 3 |  4- 6 || total
-------------------------+-------+-------++-------
Melee: Hand axe          |    70 |   168 ||   238
       Punch             |       |     2 ||     2
  Use: Potion            |     2 |     1 ||     3
Armor: Leather armour    |    32 |    69 ||   101
Dodge: Dodged            |    56 |    89 ||   145

Table legend: (Time is in decaauts)
 A = Elapsed time spent in this place.
 B = Non-inter-level travel time spent in this place.
 C = Inter-level travel time spent in this place.
 D = Time resting spent in this place.
 E = Time spent auto-exploring this place.
 F = Levels seen in this place.
 G = Mean time per level.
                   A        B        C        D        E       F      G
               +--------+--------+--------+--------+--------+-----+--------+
         Total |   1356 |   1334 |     22 |      0 |      0 |   4 |  339.0 |
       Dungeon |   1356 |   1334 |     22 |      0 |      0 |   4 |  339.0 |
               +--------+--------+--------+--------+--------+-----+--------+

Top non-repeatable levels by time:
     D:3: 525 daAuts
     D:2: 385 daAuts
     D:1: 252 daAuts
     D:4: 193 daAuts
